 Dungeon Crawl Stone Soup version 0.20.1-1-g8b1a95d (webtiles) character file.

38 torrenera the Cutter (level 3, -2/24 HPs)
             Began as a Halfling Skald on Aug 28, 2017.
             Slain by a hobgoblin
             ... wielding a +0 club
             ... led by Robin
              (5 damage)
             ... on level 1 of the Dungeon.
             The game lasted 00:04:52 (1632 turns).

torrenera the Cutter (Halfling Skald)               Turns: 1632, Time: 00:04:53

Health: -2/24      AC:  4    Str: 12    XL:     3   Next: 65%
Magic:  5/5        EV: 14    Int: 11    God:
Gold:   52         SH:  0    Dex: 14    Spells: 4/5 levels left

rFire    . . .     SeeInvis .   a - +0 short sword
rCold    . . .     Gourm    .   (shield restricted)
rNeg     . . .     Faith    .   b - +0 leather armour
rPois    .         Spirit   .   k - +1 hat
rElec    .         Reflect  .   (no cloak)
rCorr    .         Harm     .   (no gloves)
MR       .....                  (no boots)
Stlth    +.........             (no amulet)
Regen    0.1/turn               (no ring)
MPRegen  0.1/turn               (no ring)

@: lethally poisoned (-2 -> -23)
A: mutation resistance 1
a: no special abilities


You were on level 1 of the Dungeon.
You were not hungry.

You visited 1 branch of the dungeon, and saw 2 of its levels.

You collected 52 gold pieces.

Inventory:

Hand Weapons
 a - a +0 short sword (weapon)
 t - a +0 hunting sling
Missiles
 n - 29 stones (quivered)
 r - 22 sling bullets
Armour
 b - a +0 leather armour (worn)
 k - a +1 hat (worn)
Jewellery
 m - a +2 ring of protection {unknown}
Scrolls
 h - a scroll of enchant armour {unknown}
 i - a scroll of fear {unknown}
 j - a scroll of immolation {unknown}
 l - 2 scrolls of recharging {unknown}
 p - 2 scrolls of remove curse {unknown}
 q - a scroll of teleportation {unknown}
 u - a scroll of amnesia {unknown}
Potions
 e - a potion of mutation {unknown}
 g - 2 potions of ambrosia {unknown}
 s - a potion of heal wounds {unknown}
 v - a potion of resistance {unknown}
Books
 c - a book of Battle

   Spells                             Type                      Level
   a - Infusion                       Charms                       1
   b - Shroud of Golubria             Charms/Translocation         2
   c - Song of Slaying                Charms                       2
   d - Spectral Weapon                Hexes/Charms                 3
   e - Regeneration                   Charms/Necromancy            3
Comestibles
 d - a bread ration
 f - 4 fruits
 o - 2 chunks of flesh


   Skills:
 - Level 1.7 Fighting
 + Level 4.5 Short Blades
 - Level 1.1 Armour
 - Level 2.1 Dodging
 - Level 1.5 Spellcasting
 - Level 3.2 Charms


You had 4 spell levels left.
You knew the following spells:

 Your Spells              Type           Power        Failure   Level  Hunger
a - Infusion              Chrm           #...         10%         1    ##.....


Dungeon Overview and Level Annotations

Branches:
Dungeon (2/15)

Altars:

Annotations:
D:2 Robin


Innate Abilities, Weirdness & Mutations

You are small and have problems with some larger weapons.
You are somewhat resistant to further mutation.


Message History

You feel sick. The hobgoblin hits you with a club.
The goblin hits you with a dagger of venom.
You are more poisoned.
You hit the goblin.
You kill the goblin!
You feel sick. The hobgoblin misses you.
You feel sick.
Things that are here:
a dagger of venom; a goblin corpse You closely miss the hobgoblin.
You feel sick. The hobgoblin hits you with a club.
* * * LOW HITPOINT WARNING * * *
Some of the chunks of flesh in your inventory have rotted away.
You closely miss the hobgoblin.
* * * LOW HITPOINT WARNING * * *
You feel sick. The hobgoblin closely misses you.
You hit the hobgoblin but do no damage.
* * * LOW HITPOINT WARNING * * *
You feel sick. The hobgoblin hits you with a club.
You die...

### #####.#
#..g@.#
##.###.#
#....#'##
###.##....#
#....+....#
#..###....#
####### #..#
#....#
#......
######## #..#
#....#
#.#####
#......###..#
###### #.#


You could see a hobgoblin.

Vanquished Creatures
  2 giant cockroaches (D:1)
  17 goblins
  A hobgoblin (D:1)
  3 kobolds (D:1)
  3 bats
  4 frilled lizards
  3 rats (D:1)
33 creatures vanquished.

Notes
Turn   | Place    | Note
-------+----------+-------------------------------------------
     0 | D:1      | torrenera the Halfling Skald began the quest for the Orb.
     0 | D:1      | Reached XP level 1. HP: 14/14 MP: 3/3
   289 | D:1      | Reached skill level 3 in Short Blades
   350 | D:1      | Reached XP level 2. HP: 12/19 MP: 4/4
   947 | D:1      | Reached XP level 3. HP: 24/24 MP: 5/5
  1150 | D:1      | Reached skill level 4 in Short Blades
  1431 | D:2      | Noticed Robin
  1632 | D:1      | Slain by a hobgoblin

Skill      XL: |  1  2  3 |
---------------+----------+-----
Short Blades   | 3 4 |  4.5
Fighting       | |  1.7
Armour         | |  1.1
Dodging        | |  2.1
Spellcasting   | |  1.5
Charms         | |  3.2

Action                   || total
-------------------------++-------
Melee: Short sword       ||   155
Throw: Stone             ||     7
  Eat: Chunk             ||     2
Armor: Leather armour    ||    29
Dodge: Dodged            ||   123
